 Dungeon Crawl Stone Soup version 0.26-a0-651-gb41185065b (webtiles) character file.

Game seed: 14138375314914363413

14081 loralnil the Nimble (level 12, -9/91 HPs)
             Began as a Gnoll Transmuter on Oct 21, 2020.
             Was a High Priest of Cheibriados.
             Mangled by a yak (18 damage)
             ... on level 12 of the Dungeon.
             The game lasted 00:26:45 (13885 turns).

loralnil the Nimble (Gnoll Transmuter)             Turns: 13885, Time: 00:26:45

Health: -9/91      AC:  4    Str: 27    XL:     12   Next: 12%
Magic:  24/24      EV: 26    Int: 28    God:    Cheibriados [*****.]
Gold:   968        SH:  0    Dex: 39    Spells: 7/28 levels left

rFire    . . .     SeeInvis .     - Unarmed
rCold    . . .     Faith    .   (shield currently unavailable)
rNeg     . . .     Spirit   .   a - +0 robe
rPois    .         Reflect  .   (no helmet)
rElec    .         Harm     .   (no cloak)
rCorr    .         Rampage  .   (gloves currently unavailable)
MR       .....     Clarity  +   (no boots)
Stlth    +++++.....             (no amulet)
HPRegen  0.25/turn              B - +6 ring of dexterity
MPRegen  0.19/turn              x - ring of wizardry

@: lethally poisoned (-9 -> -13), blade hands, studying Dodging, very slow
A: distributed training, fangs 1, yellow scales 1, clarity, wild magic 1, strong
nose
a: End Transformation, Bend Time, Temporal Distortion, Slouch, Step From Time,
Renounce Religion


You were on level 12 of the Dungeon.
You worshipped Cheibriados.
Cheibriados was extremely pleased with you.
You had blades for hands.
You visited 2 branches of the dungeon, and saw 14 of its levels.

You collected 968 gold pieces.

Inventory:

Armour
 a - a +0 robe (worn)
Jewellery
 f - an uncursed amulet of regeneration
 i - an uncursed ring of ice
 k - an uncursed ring of ice
 o - an uncursed ring of protection from cold
 x - a ring of wizardry (right scythe-like blade)
 A - an uncursed ring of stealth
 B - a +6 ring of dexterity (left scythe-like blade)
 F - an uncursed ring of flight
Wands
 m - a wand of digging (5)
 q - a wand of iceblast (9)
 r - a wand of disintegration (16)
 t - a wand of paralysis (7)
 v - a wand of enslavement (18)
 z - a wand of polymorph (9)
 C - a wand of flame (16)
Scrolls
 b - 2 scrolls of enchant weapon
 e - 9 scrolls of fear
 l - 4 scrolls of enchant armour
 p - 5 scrolls of blinking
 s - 5 scrolls of remove curse
 u - 2 scrolls of identify
 y - 4 scrolls of teleportation
 D - a scroll of fog
 G - a scroll of immolation
Potions
 c - 2 potions of haste
 d - 4 potions of brilliance
 g - 3 potions of curing
 h - 8 potions of ambrosia
 j - 3 potions of stabbing
 n - a potion of invisibility
 E - a potion of lignification
Books
 w - a manual of Dodging


   Skills:
 + Level 7.5 Fighting
 + Level 7.0 Short Blades
 + Level 7.0 Long Blades
 + Level 7.0 Axes
 + Level 7.0 Maces & Flails
 + Level 7.0 Polearms
 + Level 7.0 Staves
 + Level 7.0 Slings
 + Level 7.0 Bows
 + Level 7.0 Crossbows
 + Level 7.0 Throwing
 + Level 7.0 Armour
 + Level 9.8 Dodging
 + Level 7.0 Stealth
 + Level 7.0 Shields
 + Level 9.6 Unarmed Combat
 + Level 8.7 Spellcasting
 + Level 5.8 Conjurations
 + Level 5.8 Hexes
 + Level 5.8 Summonings
 + Level 5.8 Necromancy
 + Level 5.8 Translocations
 + Level 7.0 Transmutations
 + Level 5.8 Fire Magic
 + Level 5.8 Ice Magic
 + Level 5.8 Air Magic
 + Level 5.8 Earth Magic
 + Level 5.8 Poison Magic
 + Level 7.6 Invocations
 + Level 7.0 Evocations


You had 7 spell levels left.
You knew the following spells:

 Your Spells              Type           Power        Failure   Level
a - Beastly Appendage     Tmut           ######       6%          1
b - Wereblood             Tmut           ######..     6%          2
c - Spider Form           Tmut/Pois      ######....   9%          3
d - Ice Form              Ice/Tmut       ######..     14%         4
e - Blade Hands           Tmut           ######....   21%         5
f - Hydra Form            Tmut           ######....   52%         6

Your spell library contained the following spells:

 Spells                   Type           Power        Failure   Level
 Magic Dart               Conj           ####         6%          1
 Passwall                 Tmut/Erth      ######..     7%          2
 Blink                    Tloc           N/A          8%          2
 Call Imp                 Summ           ######..     8%          2
 Slow                     Hex            ######..     8%          2
 Conjure Flame            Conj/Fire      ######..     10%         3
 Mephitic Cloud           Conj/Pois/Air  ######..     10%         3
 Olgreb's Toxic Radiance  Pois           ######..     16%         4
 Irradiate                Conj/Tmut      ######....   24%         5
 Eringya's Noxious Bog    Tmut/Pois      ######....   58%         6
 Statue Form              Tmut/Erth      ######...    58%         6
 Iron Shot                Conj/Erth      ######....   65%         6
 Dragon Form              Tmut           ######....   90%         7


Dungeon Overview and Level Annotations

Branches:
Dungeon (13/15)            Temple (1/1) D:6            Lair (0/6) D:9
    Orc (0/2) D:9
 Vaults: D:13-14

Altars:
Ashenzari
Cheibriados
Dithmenos
Elyvilon
Fedhas
Gozag
Hepliaklqana
Kikubaaqudgha
Makhleb
Nemelex Xobeh
Okawaru
Qazlal
Ru
Sif Muna
Trog
Uskayaw
Vehumet
Wu Jian
Xom
Yredelemnul
Zin
The Shining One

Shops:
D:6 :([   D:8 }   D:9 *   D:10 (


Innate Abilities, Weirdness & Mutations

Your experience applies equally to all skills.
You have very sharp teeth.
Your uncanny sense of smell can sniff out nearby items.
You are partially covered in yellow scales. (AC +2)
You possess an exceptional clarity of mind.
Your spells are a little harder to cast, but a little more powerful.


Message History

The centaur wields a +0 shortbow.
The centaur shoots an arrow.
The arrow hits you.
* * * LOW HITPOINT WARNING * * *
The adder misses you.
The orc wizard gestures wildly while chanting.
The orc wizard seems to speed up.
The large slime creature completely misses you.
The ogre closely misses you. The yak gores you!
* * * LOW HITPOINT WARNING * * *
The adder barely misses you. The orc completely misses you.
You feel better. The adder closely misses you.
The large slime creature misses you.
The tengu conjurer gestures at you while chanting.
The bolt of poison hits the adder!!
The adder is poisoned.
The adder dies!
The bolt of poison hits you.
You are poisoned.
* * * LOW HITPOINT WARNING * * *
The yak gores you!!
You die...

####### ...#
######...... # ###...
∆.........#### ..
....###.######..#
...##.........# #..#
........^.....####..####
..Q....c......>.........
......Jo......###...###.
#.o@o..?..###...###.
#..O.Y..#..........##
#....#####...########.##
###. ....(.......# #.
.########..# .. .....#
#... . ..##.# #.##
#.##.# #.# #.##.###.#


You could see a large slime creature, a yak, a tengu conjurer, an ogre, a
centaur, an orc wizard (fast) and 2 orcs.

Vanquished Creatures
  2 two-headed ogres
  Nergalle (D:11)
  An unseen horror (D:11)
  A cyclops (D:11)
  A centaur zombie (D:11)
  A gargoyle (D:11)
  A kobold demonologist (D:12)
  A redback zombie (D:10)
  A queen bee (D:9)
  A troll (D:11)
  A hornet (D:11)
  Prince Ribbit (D:7)
  2 slime creatures
  A hippogriff (D:5)
  2 shadows
  9 yaks (D:8)
  Sigmund (D:2)
  Menkaure (D:7)
  2 water moccasins
  2 porcupines (D:9)
  3 orc warriors
  2 black bears
  2 ice beasts
  3 sky beasts
  2 phantoms
  2 ogres
  11 centaurs
  4 crocodiles
  3 big kobolds
  A gnoll sergeant (D:6)
  5 bullfrogs
  4 scorpions
  A troll zombie (D:9)
  A water moccasin skeleton (D:10)
  17 killer bees (D:9)
  7 wights
  5 howler monkeys
  A crimson imp (D:5)
  A quasit (D:9)
  A bullfrog zombie (D:6)
  6 orc priests
  7 hounds
  4 jellies
  2 centaur skeletons
  Jessica (D:2)
  Natasha (thrice) (D:2)
  4 iguanas
  14 orc wizards
  Terence (D:2)
  A worker ant (D:7)
  7 ogre zombies (D:9)
  A hound skeleton (D:7)
  A worker ant zombie (D:7)
  12 gnolls
  6 adders
  A shadow imp (D:8)
  A white imp (D:6)
  2 ufetubi
  2 oozes
  A worm (D:5)
  2 dart slugs
  5 leopard geckos
  45 orcs
  A ball python (D:8)
  5 bats
  2 bat zombies (D:5)
  5 giant cockroaches
  8 goblins
  3 hobgoblins (D:3)
  23 jackals
  17 kobolds
  7 quokkas
  4 frilled lizards
  2 goblin skeletons (D:9)
  4 goblin zombies (D:9)
  A hobgoblin skeleton (D:9)
  An orc skeleton (D:9)
  17 orc zombies (D:9)
  2 rats
  2 rat zombies (D:5)
342 creatures vanquished.

Vanquished Creatures (others)
  An adder (D:12)
  4 fungi (D:9)
  23 plants (D:9)
28 creatures vanquished.

Grand Total: 370 creatures vanquished

Notes
Turn   | Place    | Note
-------+----------+-------------------------------------------
     0 | D:1      | loralnil the Gnoll Transmuter began the quest for the Orb.
     0 | D:1      | Reached XP level 1. HP: 17/17 MP: 6/6
   229 | D:1      | Reached XP level 2. HP: 15/23 MP: 7/7
   238 | D:1      | Learned a level 2 spell: Wereblood
   836 | D:2      | Reached XP level 3. HP: 28/28 MP: 7/9
   877 | D:2      | Found a faded altar of an unknown god.
   884 | D:2      | Reached skill level 5 in Spellcasting
  1171 | D:2      | Noticed Jessica
  1181 | D:2      | Killed Jessica
  1181 | D:2      | Reached skill level 1 in Short Blades
  1181 | D:2      | Reached skill level 1 in Long Blades
  1181 | D:2      | Reached skill level 1 in Axes
  1181 | D:2      | Reached skill level 1 in Maces & Flails
  1181 | D:2      | Reached skill level 1 in Polearms
  1181 | D:2      | Reached skill level 1 in Staves
  1181 | D:2      | Reached skill level 1 in Slings
  1181 | D:2      | Reached skill level 1 in Bows
  1181 | D:2      | Reached skill level 1 in Crossbows
  1181 | D:2      | Reached skill level 1 in Throwing
  1181 | D:2      | Reached skill level 1 in Armour
  1181 | D:2      | Reached skill level 1 in Stealth
  1181 | D:2      | Reached skill level 1 in Shields
  1181 | D:2      | Reached skill level 1 in Invocations
  1181 | D:2      | Reached skill level 1 in Evocations
  1189 | D:2      | Learned a level 3 spell: Spider Form
  1192 | D:2      | Noticed Sigmund
  1202 | D:2      | Killed Sigmund
  1202 | D:2      | Reached skill level 1 in Conjurations
  1202 | D:2      | Reached skill level 1 in Hexes
  1202 | D:2      | Reached skill level 1 in Summonings
  1202 | D:2      | Reached skill level 1 in Necromancy
  1202 | D:2      | Reached skill level 1 in Translocations
  1202 | D:2      | Reached skill level 1 in Fire Magic
  1202 | D:2      | Reached skill level 1 in Ice Magic
  1202 | D:2      | Reached skill level 1 in Air Magic
  1202 | D:2      | Reached skill level 1 in Earth Magic
  1202 | D:2      | Reached skill level 1 in Poison Magic
  1202 | D:2      | Reached XP level 4. HP: 26/35 MP: 7/11
  1202 | D:2      | Reached XP level 5. HP: 31/41 MP: 7/12
  1304 | D:2      | Noticed Natasha
  1308 | D:2      | Killed Natasha
  1325 | D:2      | Noticed Natasha
  1337 | D:2      | Killed Natasha
  1337 | D:2      | Reached XP level 6. HP: 24/47 MP: 13/13
  1400 | D:2      | Noticed Natasha
  1422 | D:2      | Killed Natasha
  1909 | D:2      | Noticed Terence
  1915 | D:2      | Killed Terence
  1915 | D:2      | Reached skill level 5 in Dodging
  2947 | D:3      | Found a radiant altar of Vehumet.
  3392 | D:4      | Noticed a phantom
  3431 | D:4      | Killed a phantom
  3431 | D:4      | Reached XP level 7. HP: 24/52 MP: 15/15
  4030 | D:4      | Learned a level 4 spell: Ice Form
  4344 | D:4      | Found a stormy altar of Qazlal.
  4344 | D:4      | Noticed a fire elemental
  4345 | D:4      | Noticed a water elemental
  4345 | D:4      | Noticed an air elemental
  4549 | D:5      | Entered Level 5 of the Dungeon
  4650 | D:5      | Identified the Catalogue of Nocuous Stones
  4663 | D:5      | Reached XP level 8. HP: 60/60 MP: 13/16
  4867 | D:5      | Found a burning altar of Makhleb.
  5062 | D:5      | Noticed a hippogriff
  5076 | D:5      | Killed a hippogriff
  5280 | D:5      | Found an ancient bone altar of Kikubaaqudgha.
  5416 | D:5      | Gained mutation: Armour fits poorly on your strangely
                  | shaped body. [potion of mutation]
  5416 | D:5      | Gained mutation: You are weak. (Str -2) [potion of
                  | mutation]
  5416 | D:5      | Gained mutation: You have supernaturally acute eyesight.
                  | (SInv) [potion of mutation]
  5417 | D:5      | Lost mutation: You are weak. (Str -2) [potion of mutation]
  5417 | D:5      | Lost mutation: You have supernaturally acute eyesight.
                  | (SInv) [potion of mutation]
  5417 | D:5      | Lost mutation: Armour fits poorly on your strangely shaped
                  | body. [potion of mutation]
  5417 | D:5      | Gained mutation: Your spells are a little harder to cast,
                  | but a little more powerful. [potion of mutation]
  5417 | D:5      | Gained mutation: You possess an exceptional clarity of
                  | mind. [potion of mutation]
  5417 | D:5      | Gained mutation: You are partially covered in yellow
                  | scales. (AC +2) [potion of mutation]
  5685 | D:6      | Reached skill level 5 in Transmutations
  5685 | D:6      | Reached XP level 9. HP: 43/66 MP: 16/18
  6006 | D:6      | Found Ekacvenk's Antique Weapon Boutique.
  6024 | D:6      | Found Cuedd's Armour Boutique.
  6094 | D:6      | Found a staircase to the Ecumenical Temple.
  6101 | Temple   | Entered the Ecumenical Temple
  6539 | D:6      | Found Netzew's Book Emporium.
  6711 | D:7      | Noticed Prince Ribbit
  6758 | D:7      | Noticed Menkaure
  6765 | D:7      | Killed Prince Ribbit
  6771 | D:7      | Killed Menkaure
  6778 | D:7      | Reached skill level 5 in Fighting
  7372 | D:7      | Found an opulent altar of Gozag.
  7372 | D:7      | Found a white marble altar of Elyvilon.
  7376 | D:7      | Found a snail-covered altar of Cheibriados.
  7383 | D:7      | Became a worshipper of Cheibriados the Contemplative
  7494 | D:7      | Reached skill level 5 in Invocations
  7673 | D:7      | Found a shimmering altar of Xom.
  7713 | D:7      | Found a hide-covered altar of Uskayaw.
  7713 | D:7      | Found a shimmering blue altar of Sif Muna.
  7993 | D:8      | Reached XP level 10. HP: 60/74 MP: 17/20
  8087 | D:8      | Learned a level 5 spell: Blade Hands
  8114 | D:8      | Reached * piety under Cheibriados
  8465 | D:8      | Reached skill level 5 in Short Blades
  8465 | D:8      | Reached skill level 5 in Long Blades
  8465 | D:8      | Reached skill level 5 in Axes
  8465 | D:8      | Reached skill level 5 in Maces & Flails
  8465 | D:8      | Reached skill level 5 in Polearms
  8465 | D:8      | Reached skill level 5 in Staves
  8465 | D:8      | Reached skill level 5 in Slings
  8465 | D:8      | Reached skill level 5 in Bows
  8465 | D:8      | Reached skill level 5 in Crossbows
  8465 | D:8      | Reached skill level 5 in Throwing
  8465 | D:8      | Reached skill level 5 in Armour
  8465 | D:8      | Reached skill level 5 in Stealth
  8465 | D:8      | Reached skill level 5 in Shields
  8465 | D:8      | Reached skill level 5 in Evocations
  8668 | D:8      | Found Kuekkeg's Gadget Emporium.
  8694 | D:8      | Found a basalt altar of Yredelemnul.
  9327 | D:8      | HP: 4/91 [yak (10)]
  9684 | D:8      | HP: 2/91 [yak (4)]
 10072 | D:9      | Found an opulent altar of Gozag.
 10283 | D:9      | Reached ** piety under Cheibriados
 10798 | D:9      | Reached XP level 11. HP: 83/83 MP: 20/22
 10800 | D:9      | Reached *** piety under Cheibriados
 11083 | D:9      | Found a staircase to the Lair.
 11098 | D:9      | Reached **** piety under Cheibriados
 11161 | D:9      | Reached skill level 5 in Conjurations
 11161 | D:9      | Reached skill level 5 in Hexes
 11161 | D:9      | Reached skill level 5 in Summonings
 11161 | D:9      | Reached skill level 5 in Necromancy
 11161 | D:9      | Reached skill level 5 in Translocations
 11161 | D:9      | Reached skill level 5 in Fire Magic
 11161 | D:9      | Reached skill level 5 in Ice Magic
 11161 | D:9      | Reached skill level 5 in Air Magic
 11161 | D:9      | Reached skill level 5 in Earth Magic
 11161 | D:9      | Reached skill level 5 in Poison Magic
 11298 | D:9      | Found a staircase to the Orcish Mines.
 11358 | D:9      | Found Sogauxte's Elemental Accessories.
 11496 | D:10     | Entered Level 10 of the Dungeon
 11844 | D:10     | Noticed a two-headed ogre
 11849 | D:10     | Killed a two-headed ogre
 11868 | D:10     | Reached ***** piety under Cheibriados
 12048 | D:10     | Learned a level 6 spell: Hydra Form
 12060 | D:10     | Found Tanas's Weapon Shoppe.
 12335 | D:11     | Noticed a cyclops
 12343 | D:11     | Killed a cyclops
 12511 | D:11     | Found a sacrificial altar of Ru.
 12792 | D:11     | Noticed Nergalle
 12804 | D:11     | Killed Nergalle
 13099 | D:11     | Killed an unseen horror
 13334 | D:11     | Noticed a two-headed ogre
 13341 | D:11     | Killed a two-headed ogre
 13341 | D:11     | Reached XP level 12. HP: 91/91 MP: 21/24
 13845 | D:12     | You fall into a shaft and drop 1 floor!
 13885 | D:12     | Mangled by a yak

Illustrated notes

Levels and vault maps discovered:
D:1:      tarquinn_simple_flora_water_e, layout_basic
D:2:      layout_basic, chequers_ecumenical_altar_simple_redux,
          guppyfry_early_lair_pool, uniq_jessica, uniq_natasha, uniq_sigmund,
          uniq_terence
D:3:      layout_loops_ring, marbit_many_paths, minmay_randomly_rotated_circles
D:4:      layout_loops_ring, hangedman_decor_riveting,
          nicolae_qazlal_style_of_elements
D:5:      layout_rooms, lemuel_zombie_altar_kikubaaqudgha, makhleb_grotto_becter
D:6:      layout_rooms, minmay_temple_entry_trees, serial_shops, shop,
          nicolae_shop_temple_entry_statues_fountains, shop, kennysheep_nub,
          mrwooster_statue_mirror
D:7:      layout_rooms, old_standard_altar, gammafunk_temple_overflow_claw,
          gammafunk_temple_overflow_wave, minmay_manual_mares, uniq_menkaure,
          uniq_prince_ribbit1
D:8:      layout_rooms, lemuel_coloured_pillars_altar, serial_shops, shop,
          serial_park_tiny_2
D:9:      layout_cave_pools, minmay_lair_entry_grove, zombieorc2_lemuel,
          basic_altar, nicolae_elemental_shop, minivault_7
D:10:     layout_rooms, serial_shops, kennysheep_mini, interstate_on_off
D:11:     layout_basic, nicolae_ru_awakened_eye, uniq_nergalle
D:12:     layout_loops_ring
D:13:     kennysheep_kobold_grotto, layout_rooms, serial_shops, shop,
          uniq_sonja, uniq_kirke, uniq_maurice
Temple:   hc_temple_tempest_star

Skill      XL: |  1  2  3  4  5  6  7  8  9 10 11 12 |
---------------+-------------------------------------+-----
Spellcasting   | 5 6 7 8 |  8.7
Short Blades   | 1 2 3 4 5 6 7 |  7.0
Long Blades    | 1 2 3 4 5 6 7 |  7.0
Axes           | 1 2 3 4 5 6 7 |  7.0
Maces & Flails | 1 2 3 4 5 6 7 |  7.0
Polearms       | 1 2 3 4 5 6 7 |  7.0
Staves         | 1 2 3 4 5 6 7 |  7.0
Slings         | 1 2 3 4 5 6 7 |  7.0
Bows           | 1 2 3 4 5 6 7 |  7.0
Crossbows      | 1 2 3 4 5 6 7 |  7.0
Throwing       | 1 2 3 4 5 6 7 |  7.0
Armour         | 1 2 3 4 5 6 7 |  7.0
Stealth        | 1 2 3 4 5 6 7 |  7.0
Shields        | 1 2 3 4 5 6 7 |  7.0
Invocations    | 1 2 3 4 5 6 7 |  7.6
Evocations     | 1 2 3 4 5 6 7 |  7.0
Fighting       | 3 4 5 6 7 |  7.5
Conjurations   | 1 2 3 4 5 |  5.8
Hexes          | 1 2 3 4 5 |  5.8
Summonings     | 1 2 3 4 5 |  5.8
Necromancy     | 1 2 3 4 5 |  5.8
Translocations | 1 2 3 4 5 |  5.8
Transmutations | 4 5 6 7 |  7.0
Fire Magic     | 1 2 3 4 5 |  5.8
Ice Magic      | 1 2 3 4 5 |  5.8
Air Magic      | 1 2 3 4 5 |  5.8
Earth Magic    | 1 2 3 4 5 |  5.8
Poison Magic   | 1 2 3 4 5 |  5.8
Dodging        | 5 6 8 9 |  9.8
Unarmed Combat | 7 8 9 |  9.6

Action                   |  1- 3 |  4- 6 |  7- 9 | 10-12 || total
-------------------------+-------+-------+-------+-------++-------
Melee: Unarmed           |    32 |   143 |   372 |   441 ||   988
       Kick              |     5 |     4 |     8 |     9 ||    26
       Bite              |     1 |     6 |     3 |    28 ||    38
       Headbutt          |     1 |     3 |     1 |     2 ||     7
       Punch             |       |     1 |     2 |    11 ||    14
 Cast: Beastly Appendage |     7 |     5 |     7 |     4 ||    23
       Spider Form       |     1 |     8 |    35 |    14 ||    58
       Ice Form          |       |       |     1 |    10 ||    11
       Wereblood         |       |       |     1 |     1 ||     2
       Blade Hands       |       |       |       |    17 ||    17
Invok: Bend Time         |       |       |       |     3 ||     3
  Use: Scroll            |       |     8 |    11 |     5 ||    24
       Potion            |       |       |     2 |     5 ||     7
 Stab: Sleeping          |     1 |       |     8 |     8 ||    17
       Distracted        |       |       |     1 |     2 ||     3
Armor: Robe              |     8 |     9 |     4 |    10 ||    31
       Skin              |       |     1 |    15 |    23 ||    39
Dodge: Dodged            |    22 |    98 |   360 |   593 ||  1073

Table legend: (Time is in decaauts)
 A = Elapsed time spent in this place.
 B = Non-inter-level travel time spent in this place.
 C = Inter-level travel time spent in this place.
 D = Time resting spent in this place.
 E = Time spent auto-exploring this place.
 F = Levels seen in this place.
 G = Mean time per level.
                   A        B        C        D        E       F      G
               +--------+--------+--------+--------+--------+-----+--------+
         Total |  15500 |  15137 |    363 |   1813 |  10443 |  14 | 1107.1 |
       Dungeon |  15217 |  14854 |    363 |   1813 |  10191 |  13 | 1170.5 |
        Temple |    283 |    283 |      0 |      0 |    252 |   1 |  283.0 |
               +--------+--------+--------+--------+--------+-----+--------+

Top non-repeatable levels by time:
     D:8: 2393 daAuts
    D:11: 2094 daAuts
     D:2: 1766 daAuts
     D:9: 1720 daAuts
     D:7: 1321 daAuts
     D:4: 1167 daAuts
    D:10: 1091 daAuts
     D:6: 971 daAuts
     D:5: 878 daAuts
     D:1: 827 daAuts
     D:3: 760 daAuts
  Temple: 283 daAuts
    D:12: 180 daAuts
    D:13: 44 daAuts
